 Dungeon Crawl Stone Soup version 0.32-a0-893-gf85d74f360 (webtiles) character file.

Game seed: 15782466885921923259

1509727 AutarchDCSS the Slayer (level 27, 228/228 HPs)
             Began as a Djinni Fire Elementalist on Apr 3, 2024.
             Was a High Priest of Ashenzari.
             Escaped with the Orb
             ... and 3 runes!
             The game lasted 04:21:59 (86472 turns).

AutarchDCSS the Slayer (Djinni Fire Elementalist)  Turns: 86472, Time: 04:22:00

Health: 228/228    AC: 19    Str: 10    XL:     27
Gold:   4294       EV: 32    Int: 30    God:    Ashenzari [*****.] SH: 22 Dex: 24

rFire   + + +        w - +9 dagger of Dissatisfaction {spect, Str+6 Int+3}
rCold   + . .        m - +5 kite shield "Ordeal of Ashenzari" {AC+3, Self, Cun} (curse)
rNeg    + + .        V - +3 troll leather armour "Scepticism of Ashenzari" {Regen+, Sorc, Elem} (curse)
rPois   ∞            p - +2 helmet of the Manifest Moon {Self, Sorc} (curse)
rElec   +            O - +2 cloak of Ashenzari's Visionary {Will+, Sorc, Elem} (curse)
rCorr   .            G - +0 pair of gloves "Ruined Visionary" {Elem, Fort} (curse)
SInv    +            (boots unavailable)
Will    ++++.        a - amulet of Ashenzari's Burden {rC+ rN+ Regen+, Elem, Fort} (curse)
Stlth   ++           Z - ring of the Wild Blue Yonder {rF+ rC+ rN+ MP+9, Elem, Cun} (curse)
HPRegen 2.18/turn    r - ring of Ashenzari's Affliction {rElec rPois Will+ Str-3 Dex+6, Comp, Elem} (curse)
MPRegen 0.00/turn

%: clarity
@: flying
A: sickness immunity, fire resistance 2, cold vulnerability 1, float, innate
caster, HP casting, extra vitality 1, inability to read after injury 1
0: Orb of Zot
}: 3/15 runes: decaying, serpentine, slimy
a: Renounce Religion, Curse Item, Shatter the Chains


You escaped.
You worshipped Ashenzari.
Ashenzari was extremely pleased with you.
You visited 12 branches of the dungeon, and saw 55 of its levels.
You also visited: Trove, Sewer, Ice Cave and Volcano.

You collected 7323 gold pieces.
You spent 3029 gold pieces at shops.

Inventory:

Hand Weapons
 w - the +9 dagger of Dissatisfaction (weapon) {spect, Str+6 Int+3}
   (You took it off a deep elf annihilator on level 3 of the Elven Halls)

   Str+6:     It affects your strength (+6).
   Int+3:     It affects your intelligence (+3).
 Q - the +8 demon blade "Leech" {evervamp, Harm ^Drain rN+}
   (You found it on level 14 of the Dungeon)

   rN+:       It protects you from negative energy.
   ^Drain:    It drains your maximum health when unequipped.
   Harm:      It increases damage dealt and taken.
Missiles
 n - 8 throwing nets
 T - 17 curare-tipped darts
Armour
 m - the cursed +5 kite shield "Ordeal of Ashenzari" (worn) {AC+3, Self, Cun}
   (You took it off a naga warrior on level 4 of the Snake Pit)

   It has a curse which improves the following skills: Introspection: Fighting
   and Spellcasting.
   Cunning:   Dodging and Stealth.
 p - the cursed +2 helmet of the Manifest Moon (worn) {Self, Sorc}
   (You found it on level 1 of the Snake Pit)

   It has a curse which improves the following skills: Introspection: Fighting
   and Spellcasting.
   Sorcery:   Conjurations and Alchemy.
 G - the cursed +0 pair of gloves "Ruined Visionary" (worn) {Elem, Fort}
   (You found it on level 13 of the Dungeon)

   It has a curse which improves the following skills: Elements: Fire Magic, Ice
   Magic, Air Magic and Earth Magic.
   Fortitude: Armour and Shields.
 O - the cursed +2 cloak of Ashenzari's Visionary (worn) {Will+, Sorc, Elem}
   (You found it on level 3 of the Elven Halls)

   It has a curse which improves the following skills: Sorcery: Conjurations and
   Alchemy.
   Elements:  Fire Magic, Ice Magic, Air Magic and Earth Magic.
 V - the cursed +3 troll leather armour "Scepticism of Ashenzari" (worn) {Regen+, Sorc, Elem}
   (You found it on level 11 of the Dungeon)

   Regen+:    It increases your rate of health regeneration.
   It has a curse which improves the following skills: Sorcery: Conjurations and
   Alchemy.
   Elements:  Fire Magic, Ice Magic, Air Magic and Earth Magic.
Magical Staves
 U - a staff of cold
 Y - a staff of fire
Jewellery
 a - the cursed amulet of Ashenzari's Burden (around neck) {rC+ rN+ Regen+, Elem, Fort}
   (You bought it in a shop on level 11 of the Dungeon)

   [amulet of regeneration]

   rC+:       It protects you from cold.
   rN+:       It protects you from negative energy.
   Regen+:    It increases your rate of health regeneration.
   It has a curse which improves the following skills: Elements: Fire Magic, Ice
   Magic, Air Magic and Earth Magic.
   Fortitude: Armour and Shields.
 d - the ring "Igis" {+Blink rN+ Slay+3}
   (You found it on level 4 of the Dungeon)

   [ring of positive energy]

   Slay+3:    It affects your accuracy & damage with ranged weapons and melee
   (+3).
   rN+:       It protects you from negative energy.
   +Blink:    It lets you blink.
 r - the cursed ring of Ashenzari's Affliction (right hand) {rElec rPois Will+ Str-3 Dex+6, Comp, Elem}
   (You acquired it on level 3 of the Elven Halls)

   [ring of dexterity]

   Str-3:     It affects your strength (-3).
   Dex+6:     It affects your dexterity (+6).
   rElec:     It insulates you from electricity.
   rPois:     It protects you from poison.
   Will+:     It increases your willpower.
   It has a curse which improves the following skills: Companions: Summonings
   and Necromancy.
   Elements:  Fire Magic, Ice Magic, Air Magic and Earth Magic.
 s - a ring of resist corrosion
 F - a ring of protection from cold
 J - the amulet of Niuq {Reflect ^Drain +Inv rF++ rCorr SH+5}
   (You found it on level 4 of the Vaults)

   [amulet of reflection]

   Reflect:   It reflects blocked missile attacks.
   rF++:      It greatly protects you from fire.
   +Inv:      It lets you turn invisible.
   rCorr:     It protects you from acid and corrosion.
   ^Drain:    It drains your maximum health when unequipped.
   SH+5:      It affects your SH (+5).
 Z - the cursed ring of the Wild Blue Yonder (left hand) {rF+ rC+ rN+ MP+9, Elem, Cun}
   (You found it in a treasure trove)

   [ring of positive energy]

   rF+:       It protects you from fire.
   rC+:       It protects you from cold.
   rN+:       It protects you from negative energy.
   MP+9:      It affects your magic capacity (+9).
   It has a curse which improves the following skills: Elements: Fire Magic, Ice
   Magic, Air Magic and Earth Magic.
   Cunning:   Dodging and Stealth.
Wands
 b - a wand of mindburst (66)
 o - a wand of iceblast (45)
 x - a wand of polymorph (14)
 C - a wand of flame (37)
 E - a wand of paralysis (62)
 K - a wand of acid (52)
Scrolls
 g - 6 scrolls of summoning
 i - 29 scrolls of teleportation
 l - a scroll of silence
 y - 3 scrolls of fog
 z - 4 scrolls of immolation
 L - 4 scrolls of enchant armour
 M - 3 scrolls of torment
 S - 4 scrolls of blinking
 X - 7 scrolls of fear
Potions
 c - 5 potions of haste
 e - 7 potions of lignification
 f - 4 potions of cancellation
 h - 17 potions of curing
 j - 4 potions of brilliance
 q - 14 potions of resistance
 t - 11 potions of heal wounds
 u - 8 potions of might
 v - 6 potions of mutation
 B - 4 potions of enlightenment
 H - 2 potions of ambrosia
 N - 2 potions of berserk rage
 W - 5 potions of invisibility
Miscellaneous
 k - a Gell's gravitambourine (2/2)
 A - a sack of spiders
 I - a phantom mirror
 P - a tin of tremorstones (2/2)
 R - a lightning rod (4/4)


   Skills:
 - Level 24.3(27) Fighting
 - Level 9.0(9.7) Short Blades
 - Level 5.8(8.2) Long Blades
 - Level 9.8(13.0) Armour
 + Level 22.6(25.4) Dodging
 - Level 8.8(12.0) Stealth
 - Level 17.0(20.0) Shields
 + Level 21.5(24.3) Spellcasting
 + Level 21.5(25.3) Conjurations
 + Level 21.5 Hexes
   Level 0.0 Charms
 + Level 21.5(23.4) Summonings
 + Level 21.5(23.4) Necromancy
 + Level 21.5 Translocations
   Level 0.0 Transmutations
 + Level 21.5(27) Fire Magic
 + Level 21.5(27) Ice Magic
 + Level 21.5(27) Air Magic
 + Level 21.5(27) Earth Magic
 + Level 21.5(25.3) Alchemy
 - Level 14.0 Evocations


You knew the following spells:

 Your Spells              Type           Power      Damage    Failure   Level
a - Permafrost Eruption   Ice/Erth       57%        2x4d13    0%          6
b - Haunt                 Necr/Summ      54%        N/A       1%          7
c - Ignition              Fire           57%        3d16      1%          8
d - Polar Vortex          Ice            57%        12d7*     2%          9
e - Flame Wave            Conj/Fire      100%       2d21      0%          4
f - Necrotise             Necr           100%       1d9       0%          1
g - Call Imp              Summ           100%       N/A       0%          2
h - Volatile Blastmotes   Fire/Tloc      100%       2d18      0%          3
i - Mephitic Cloud        Conj/Alch/Air  100%       N/A       0%          3
j - Inner Flame           Hex/Fire       100%       N/A       0%          3
k - Call Canine Familiar  Summ           100%       N/A       0%          3
l - Dispersal             Tloc           52%        N/A       1%          6
m - Foxfire               Conj/Fire      100%       2x1d9     0%          1
n - Scorch                Fire           100%       2d9       0%          2
o - Iskenderun's Battles  Conj           100%       2d15      0%          5
p - Disjunction           Tloc           52%        N/A       1%          8
q - Freezing Cloud        Conj/Ice/Air   57%        6-21      0%          5
r - Infestation           Necr           54%        N/A       1%          8
Your spell library was empty.

Dungeon Overview and Level Annotations

Branches:
Dungeon (15/15)            Temple (1/1) D:4            Lair (5/5) D:8
  Swamp (4/4) Lair:3        Snake (4/4) Lair:3        Slime (5/5) Lair:4
    Orc (2/2) D:11            Elf (3/3) Orc:2        Vaults (4/5) D:13
  Crypt (3/3) Vaults:3     Depths (4/4) D:15            Zot (5/5) Depths:4
  Sewer (visited)           IceCv (visited)         Volcano (visited)
   Tomb: Crypt:3

Altars:
Ashenzari
Cheibriados
Dithmenos
Elyvilon
Fedhas
Gozag
Hepliaklqana
Makhleb
Nemelex Xobeh
Okawaru
Qazlal
Ru
Trog
Uskayaw
Wu Jian
Xom
Yredelemnul
Zin
The Shining One
Beogh
Jiyva

Shops:
D:8 *   D:9 :   D:11 =   D:13 !   D:14 :   Orc:2 (*[[   Elf:3 *   Snake:3 :?[=[
Snake:4 (   Vaults:1 [   Vaults:3 ?   Zot:4 *   Depths:4 !:!

Portals:
Hell: Depths:1 Depths:2 Depths:3 Depths:4
Abyss: Depths:3 Depths:4
Pandemonium: Depths:2
Ziggurat: Depths:4

Annotations:
D:5 1 runed translucent door, dialectric's ghost, weakling TrFi
D:10 2 transporters, exclusion: oklob plant, spaghetti's ghost, journeyman OnCK
D:13 1 runed translucent door, Diulaw's ghost, journeyman TeSu
Snake:3 6 transporters
Elf:2 3 runed translucent doors
Vaults:1 1 runed translucent door, pazhot's ghost, journeyman MDFi
Crypt:1 3 runed translucent doors, Dyigyrgh's ghost, adept GrFi
Depths:2 3 runed translucent doors, Vegox's ghost, adept MiHs


Innate Abilities, Weirdness & Mutations

You are immune to sickness and miasma.
You are immune to poison.
Your flesh is very heat resistant. (rF++)
You are vulnerable to cold. (rC-)
You float through the air rather than walking.
You learn spells naturally, not from books.
Your magical power is your life essence.
You have superior vitality. (+4 MHP)
You occasionally lose the ability to read scrolls when taking damage.


Message History

Vukebb gestures.
Vukebb's surroundings become eerily quiet.
You kill the rust devil!
Your surroundings suddenly seem different.
Unknown command.
As you read the scroll of teleportation, it crumbles to dust.
You feel strangely unstable.
You feel the Orb delaying your translocation!
You start waiting.
The winds around you calm down.
Your surroundings suddenly seem different.
A lorocyproca comes into view.
The lorocyproca gives a chilling moan.
There is a stone staircase leading down here.
There is an escape hatch in the ceiling here.
A mysterious force pulls you upwards. The hatch slams shut behind you.
There is an escape hatch in the ceiling here.
A mysterious force pulls you upwards. The hatch slams shut behind you.
Level annotation: 1 runed translucent door, dialectric's ghost, weakling TrFi An orange demon comes into view.
Things that are here:
a +0 spear of distortion; a +0 spear
There is a stone staircase leading up here.
You fly upwards.
There is a stone staircase leading down here.
Items here: )) [ ÷÷.
Items here: ))) [.
There is a stone staircase leading up here.
You fly upwards.
There is a stone staircase leading down here.
There is an escape hatch in the ceiling here.
A mysterious force pulls you upwards. The hatch slams shut behind you.
There is a stone staircase leading up here.
You fly upwards.
There is a stone staircase leading down here.
Okay, then.
There is an open door here.
There is an open door here.
There is a staircase leading out of the dungeon here.
You have escaped!

#....##.####.#############.#.#.#.
..>..##....................#.#.##
.....#######################.#...
.....##### ###### ###### #.####
.........####....####....###.....
#.........##......##......#######
#....###..##..##..##..##..#
#....# #..##..#....#..##..#
#....# #..##..#.@..#..##..#
..#'## #..##..##..##..##..####
..#.# #......##......##.....#
..#.# ##....####....####....#
..#.# ###### ###### ####.# ..#.#
#####.#### ..#.# ########
#......... ..#.# #......#
#####.######## ....# #......#
#......#


There were no monsters in sight!

Vanquished Creatures
  the Royal Jelly (Slime:5)
  Dissolution (Slime:2)
  4 dread liches
  An ancient lich (Zot:5)
  2 orbs of fire (Zot:5)
  Bai Suzhen (Crypt:2)
  6 Killer Klowns (Zot:5)
  3 curse toes (Zot:1)
  7 golden dragons
  Nikola (Swamp:4)
  3 electric golems
  2 hellephants (Depths:4)
  Rupert (D:14)
  A titan (Depths:2)
  6 tentacled monstrosities
  A quicksilver dragon (Zot:1)
  A lich (Depths:4)
  Asterion (Depths:1)
  2 deep elf blademasters (Elf:3)
  A walking frostbound tome (Depths:2)
  29 acid blobs
  2 deep elf master archers (Elf:3)
  18 Orb Guardians (Zot:5)
  5 sphinxes
  An ancient champion (Crypt:1)
  5 death cobs
  2 thorn hunters (Swamp:4)
  2 Executioners (Zot:1)
  4 shadow dragons
  Kirke (D:14)
  Donald (Snake:2)
  4 tengu reavers
  11 azure jellies
  16 storm dragons
  2 draconian monks
  Aizul (Snake:1)
  12 rockslimes
  6 deep elf sorcerers
  7 fire giants
  6 draconian knights
  9 protean progenitors
  4 draconian shifters
  4 frost giants
  2 ghost moths
  5 deep elf elementalists (Elf:3)
  5 balrugs
  7 vault wardens
  5 spectral caustic shrikes (Depths:3)
  A curse skull (Vaults:3)
  2 iron dragons (Vaults:3)
  7 draconian scorchers
  13 ironbound preservers
  A reaper (Crypt:2)
  A spriggan defender (Depths:2)
  4 ghouls
  An orc warlord (Vaults:4)
  5 draconian stormcallers
  13 formless jellyfish
  4 ironbound thunderhulks
  7 draconian annihilators
  7 very ugly things
  9 stone giants
  11 quicksilver oozes
  12 vampire knights
  5 deep elf demonologists (Elf:3)
  4 deep elf death magi (Elf:3)
  6 black draconians
  4 green draconians
  An eleionoma (Swamp:2)
  6 dire elephants
  7 deep elf annihilators
  2 red draconians (Zot:1)
  18 yellow draconians
  9 purple draconians
  5 spark wasps
  7 white draconians
  4 war gargoyles
  4 bunyips
  7 ettins
  4 crystal guardians
  7 jiangshi
  2 eidola
  6 blizzard demons (Zot:1)
  The ghost of avangion the Thaumaturge, a journeyman DECj of Vehumet (Lair:4)
  A green death (Zot:3)
  4 deep elf high priests
  An entropy weaver (Vaults:4)
  7 yaktaur captains
  3 peacekeepers
  13 great orbs of eyes
  Fannar (D:10)
  8 fire dragons
  4 ogre magi
  4 rakshasas
  3 spriggan air magi
  2 vault guards
  A salamander tyrant (Snake:2)
  21 hydras
  2 jorogumos (Zot:4)
  13 anacondas
  6 catoblepae
  4 ghost crabs
  10 alligators
  9 ice dragons
  12 dancing weapons
  2 deep troll shamans
  7 hell hogs (Depths:4)
  2 death knights
  12 two-headed ogres
  5 boulder beetles
  6 centaur warriors
  8 tengu warriors
  4 death yaks (Lair:5)
  13 ironbound frosthearts
  A deep troll earth mage (Depths:2)
  13 naga sharpshooters
  4 vampire magi
  Sonja (D:10)
  10 naga warriors
  12 hell knights
  Urug (Orc:2)
  4 spriggan berserkers
  14 shock serpents
  5 sun demons
  12 deep elf knights
  23 skeletal warriors
  5 salamander mystics
  3 skysharks
  A sixfirhy (Depths:1)
  5 glowing orange brains
  15 mana vipers
  18 deep elf archers
  3 goliath frogs
  2 spriggan druids
  Lodul (D:13)
  42 deep trolls
  4 flayed ghosts
  3 iron trolls (Depths:3)
  6 arcanists
  12 ironbound convokers
  7 lindwurms
  12 bog bodies
  8 naga ritualists
  An orange crystal statue (Zot:5)
  A spectral hydra (Lair:3)
  8 swamp dragons
  33 ugly things
  3 phantasmal warriors
  28 deep elf zephyrmancers
  5 harpies (Vaults:1)
  8 orc knights
  3 oklob plants (Zot:4)
  30 deep elf pyromancers
  5 necromancers
  6 cyclopes
  4 orc sorcerers
  22 salamanders
  A salamander (shapeshifter) (D:15)
  6 spectral spriggans (Swamp:2)
  A stone giant zombie (Vaults:2)
  6 manticores
  4 shining eyes
  2 fauns (Zot:1)
  3 kobold blastminers
  6 will-o-the-wisps
  21 moths of wrath
  2 stone giant skeletons
  13 naga magi
  4 guardian serpents (Snake:4)
  A rust devil (D:7)
  Joseph (D:9)
  A molten gargoyle (Lair:1)
  A water nymph (shapeshifter) (Elf:3)
  A black mamba (shapeshifter) (D:15)
  An ice statue (IceCv)
  16 vault sentinels
  3 gargoyles
  27 elephants
  An eye of devastation (Slime:5)
  30 black mambas
  A yaktaur zombie (Vaults:2)
  5 torpor snails
  16 cane toads
  2 efreet
  11 unseen horrors
  4 rime drakes
  8 komodo dragons
  2 freezing wraiths (Crypt:1)
  3 kobold demonologists (D:12)
  36 yaktaurs
  6 tengu conjurers
  A tormentor (Depths:1)
  A hellwing (D:7)
  A black draconian skeleton (Crypt:2)
  A green draconian skeleton (Crypt:1)
  An ice devil (Depths:3)
  A merfolk (shapeshifter) (Depths:2)
  A troll (shapeshifter) (D:14)
  4 polar bears (Lair:3)
  15 trolls
  9 hornets
  3 bloated husks (Swamp:2)
  A polar bear (shapeshifter) (D:14)
  A tyrant leech (Swamp:4)
  6 glass eyes
  A tarantella (Vaults:4)
  Grinder (D:5)
  16 blink frogs
  8 dream sheep
  127 slime creatures
  A radroach zombie (Crypt:1)
  A spectral black mamba (Lair:3)
  3 air elementals
  4 shadows
  A dire elephant simulacrum (IceCv)
  5 water elementals
  7 hogs
  14 wyverns
  16 humans
  7 wraiths
  48 yaks
  6 basilisks
  4 fire bats (Lair:1)
  A spectral komodo dragon (Lair:3)
  8 spriggans
  Grum (D:10)
  5 wargs
  10 golden eyes
  3 fire elementals
  3 death yak simulacra (IceCv)
  A redback (Vaults:4)
  19 vampire mosquitoes
  13 swamp worms
  3 harpy simulacra (IceCv)
  39 nagas
  5 hell hounds (Volcano)
  A hydra simulacrum (IceCv)
  An acid dragon (D:12)
  24 water moccasins
  A glowing shapeshifter skeleton (Crypt:1)
  A spectral torpor snail (Lair:3)
  18 orc warriors
  2 sky beasts
  4 swamp drakes
  5 black bears
  A spectral blink frog (Lair:3)
  2 ice beasts (D:7)
  8 boggarts
  16 wolves
  15 laughing skulls
  28 ogres
  A lindwurm skeleton (Crypt:1)
  10 centaurs
  5 phantoms
  8 kobold brigands
  18 bullfrogs
  A gnoll sergeant (D:11)
  7 two-headed ogre simulacra (IceCv)
  9 scorpions
  2 cane toad simulacra (IceCv)
  10 wights
  30 jellies
  4 killer bees
  A human simulacrum (Vaults:2)
  5 howler monkeys
  3 electric eels
  8 lava snakes
  A bombardier beetle (D:5)
  8 hounds
  A gnoll bouda (D:6)
  16 orc priests
  3 sleepcaps
  Jessica (D:2)
  Natasha (thrice) (D:2)
  27 orc wizards
  3 iguanas
  A boggart zombie (Crypt:2)
  19 hell rats
  2 spriggan simulacra (IceCv)
  4 polar bear simulacra (IceCv)
  4 troll simulacra (IceCv)
  An ogre zombie (Crypt:2)
  20 gnolls
  7 adders
  8 naga simulacra (IceCv)
  7 river rats (Lair:3)
  7 shadow imps
  7 white imps
  8 ufetubi
  2 ribbon worms
  3 dart slugs
  95 orcs
  15 ball pythons
  13 endoplasms
  9 giant cockroaches
  12 goblins
  8 hobgoblins
  23 kobolds
  15 quokkas
  6 bats
  A jackal zombie (Crypt:1)
  A quokka skeleton (Crypt:1)
  9 rats
  8 aspiring fleshes (Zot:1)
2321 creatures vanquished.

Vanquished Creatures (collateral kills)
  A dread lich (Depths:3)
  Xtahua (Crypt:2)
  2 Killer Klowns (Zot:5)
  A caustic shrike (Vaults:3)
  A Hell Sentinel (Depths:2)
  2 tentacled monstrosities
  7 Orb Guardians (Zot:5)
  2 quicksilver dragons
  2 acid blobs (Slime:5)
  2 death cobs (Zot:2)
  A shadow dragon (Zot:4)
  2 tengu reavers (Depths:3)
  Roxanne (D:15)
  2 rockslimes
  2 nagarajas (Snake:4)
  5 fire giants
  A frost giant (Depths:2)
  A draconian scorcher (Depths:4)
  4 iron dragons
  2 ghouls (Crypt:2)
  An orc warlord (Vaults:1)
  2 stone giants
  A curse skull (Crypt:1)
  3 formless jellyfish
  A quicksilver ooze (Slime:5)
  The ghost of Palemoclump the Warrior, a journeyman MiFi of Okawaru (Lair:4)
  3 vampire knights
  2 ironbound preservers
  A draconian annihilator (Zot:4)
  An ironbound thunderhulk (Vaults:4)
  A red draconian (Zot:5)
  2 eleionomae
  5 spark wasps
  A war gargoyle (Vaults:4)
  2 eidola (Crypt:2)
  4 dire elephants
  5 crystal guardians
  2 ettins
  2 fire dragons
  A spriggan zombie (Depths:3)
  A rakshasa (Depths:3)
  2 jiangshi
  3 great orbs of eyes
  2 hydras (Swamp:4)
  2 ice dragons (Depths:3)
  2 peacekeepers (Vaults:3)
  An ironbound frostheart (Vaults:2)
  An anaconda (Snake:4)
  2 boulder beetles
  2 tengu warriors
  4 vampire magi
  A naga sharpshooter (Snake:4)
  2 naga warriors (Snake:4)
  A hell knight (Depths:3)
  A goliath frog (Swamp:1)
  A salamander mystic (Snake:4)
  5 skeletal warriors
  2 flayed ghosts (Crypt:2)
  3 deep trolls
  4 mana vipers (Snake:4)
  2 swamp dragons (Swamp:4)
  An orc knight (Vaults:4)
  2 lindwurms (Snake:4)
  3 ugly things
  A jorogumo zombie (Crypt:2)
  4 salamanders (Snake:4)
  A will-o-the-wisp (Swamp:4)
  A vault sentinel (Vaults:4)
  2 naga magi (Snake:4)
  A mana viper zombie (Crypt:1)
  A spectral spriggan (Swamp:2)
  A mana viper skeleton (Crypt:1)
  A freezing wraith (D:15)
  A yaktaur (Vaults:3)
  A tyrant leech (Swamp:4)
  A sun moth zombie (Crypt:2)
  A hellwing (Zot:5)
  A jumping spider (Vaults:4)
  3 slime creatures
  2 glass eyes
  A wraith (Crypt:2)
  A naga (Snake:4)
  A cane toad skeleton (Crypt:2)
  2 swamp drakes
  A shapeshifter zombie (Crypt:2)
  A bombardier beetle (D:7)
  A jelly (D:7)
  A hound (D:7)
  A bullfrog skeleton (Crypt:2)
  A quokka (D:4)
  5 foxfires
172 creatures vanquished.

Vanquished Creatures (others)
  A draconian scorcher (Zot:5)
  An eidolon (Vaults:3)
  An ugly thing (Zot:1)
  1662 foxfires
  4 spectral weapons
1669 creatures vanquished.

Grand Total: 4162 creatures vanquished

Notes
Turn   | Place    | Note
-------+----------+-------------------------------------------
     0 | D:1      | AutarchDCSS the Djinni Fire Elementalist began the quest
                  | for the Orb.
     0 | D:1      | AutarchDCSS set off with the following spells memorised:
                  | Foxfire, Scorch, Volatile Blastmotes, Inner Flame, Flame
                  | Wave.
     0 | D:1      | Reached XP level 1. HP: 15/15 MP: 0/0
   243 | D:1      | Reached XP level 2. HP: 21/22 MP: 0/0
  1064 | D:1      | Reached skill level 1 in Fighting
  1236 | D:1      | Reached XP level 3. HP: 22/27 MP: 0/0
  1236 | D:1      | Learned a level 1 spell: Necrotise
  1898 | D:2      | Noticed Natasha
  1902 | D:2      | Killed Natasha
  1903 | D:2      | Reached XP level 4. HP: 24/33 MP: 0/0
  2065 | D:2      | Noticed Natasha
  2082 | D:2      | Killed Natasha
  2083 | D:2      | Reached skill level 2 in Fighting
  2259 | D:2      | Noticed Jessica
  2264 | D:2      | Killed Jessica
  2265 | D:2      | Reached XP level 5. HP: 35/38 MP: 0/0
  2265 | D:2      | Learned a level 2 spell: Call Imp
  2451 | D:2      | Found a basalt altar of Yredelemnul.
  2863 | D:2      | Noticed Natasha
  2866 | D:2      | Killed Natasha
  2901 | D:3      | Reached XP level 6. HP: 35/45 MP: 0/0
  3069 | D:3      | Reached skill level 3 in Fighting
  3069 | D:3      | Reached skill level 5 in Spellcasting
  3069 | D:3      | Reached skill level 5 in Conjurations
  3069 | D:3      | Reached skill level 5 in Hexes
  3069 | D:3      | Reached skill level 5 in Summonings
  3069 | D:3      | Reached skill level 5 in Necromancy
  3069 | D:3      | Reached skill level 5 in Translocations
  3069 | D:3      | Reached skill level 5 in Fire Magic
  3069 | D:3      | Reached skill level 5 in Ice Magic
  3069 | D:3      | Reached skill level 5 in Air Magic
  3069 | D:3      | Reached skill level 5 in Earth Magic
  3069 | D:3      | Reached skill level 5 in Alchemy
  3579 | D:3      | Found a snail-covered altar of Cheibriados.
  3891 | D:3      | Found a faded altar of an unknown god.
  4225 | D:3      | Found a hazy altar of Hepliaklqana.
  4752 | D:4      | Reached XP level 7. HP: 44/50 MP: 0/0
  4752 | D:4      | Learned a level 3 spell: Call Canine Familiar
  5279 | D:4      | Found a staircase to the Ecumenical Temple.
  5450 | Temple   | Entered the Ecumenical Temple
  5470 | Temple   | Became a worshipper of Ashenzari the Shackled
  5573 | D:4      | Reached skill level 4 in Fighting
  5728 | D:4      | Reached XP level 8. HP: 51/58 MP: 0/0
  5761 | D:4      | Identified the ring "Igis" {+Blink rN+ Slay+3}
  6001 | D:5      | Entered Level 5 of the Dungeon
  6033 | D:5      | Noticed Grinder
  6038 | D:5      | Killed Grinder
  6042 | D:5      | Found a runed translucent door.
  6058 | D:5      | Noticed dialectric's ghost (weakling TrFi)
  6112 | D:5      | Found a glowing drain.
  6175 | Sewer    | Entered a sewer
  6666 | Sewer    | Reached skill level 5 in Fighting
  6968 | Sewer    | Found a viscous altar of Jiyva.
  7358 | D:5      | Reached skill level 6 in Fighting
  7358 | D:5      | Reached XP level 9. HP: 61/66 MP: 0/0
  7358 | D:5      | Learned a level 3 spell: Mephitic Cloud
  7632 | D:5      | Reached skill level 5 in Dodging
  7634 | D:5      | Reached * piety under Ashenzari
  7771 | D:5      | Found an opulent altar of Gozag.
  8648 | D:6      | Reached skill level 7 in Fighting
  9485 | D:6      | Reached ** piety under Ashenzari
  9834 | D:7      | Found a hide-covered altar of Uskayaw.
 10417 | D:7      | Reached skill level 8 in Fighting
 10474 | D:7      | Reached *** piety under Ashenzari
 10657 | D:7      | Found a burning altar of Makhleb.
 10658 | D:7      | Found a burning altar of Makhleb.
 10658 | D:7      | Found a bloodstained altar of Trog.
 10705 | D:7      | Reached XP level 10. HP: 68/76 MP: 0/0
 10724 | D:7      | Reached skill level 9 in Fighting
 10981 | D:7      | Noticed a deep elf pyromancer
 11005 | D:7      | Killed a deep elf pyromancer
 11006 | D:7      | Reached skill level 10 in Fighting
 11079 | D:7      | Noticed a gargoyle
 11196 | D:7      | Killed a gargoyle
 12643 | D:7      | Noticed a cyclops
 12648 | D:7      | Reached XP level 11. HP: 62/85 MP: 0/0
 12648 | D:7      | Learned a level 5 spell: Freezing Cloud
 12653 | D:7      | Killed a cyclops
 13496 | D:7      | Identified the +6 mace of Ashenzari, Flying {drain, rN+
                  | Str+4 Dex-3}
 13496 | D:7      | Identified the +6 rapier "Glorpo" {holy, rF+}
 13673 | D:8      | Found Ymoafeid's Changing Room.
 14423 | D:8      | Noticed an elephant
 14430 | D:8      | Killed an elephant
 14431 | D:8      | Reached skill level 10 in Spellcasting
 14431 | D:8      | Reached skill level 10 in Conjurations
 14431 | D:8      | Reached skill level 10 in Hexes
 14431 | D:8      | Reached skill level 10 in Summonings
 14431 | D:8      | Reached skill level 10 in Necromancy
 14431 | D:8      | Reached skill level 10 in Translocations
 14431 | D:8      | Reached skill level 10 in Fire Magic
 14431 | D:8      | Reached skill level 10 in Ice Magic
 14431 | D:8      | Reached skill level 10 in Air Magic
 14431 | D:8      | Reached skill level 10 in Earth Magic
 14431 | D:8      | Reached skill level 10 in Alchemy
 14431 | D:8      | Reached skill level 1 in Evocations
 14491 | D:8      | Found a staircase to the Lair.
 15307 | D:9      | Noticed a two-headed ogre
 15310 | D:9      | Killed a two-headed ogre
 15345 | D:9      | Noticed a deep elf pyromancer
 15348 | D:9      | Reached skill level 1 in Armour
 15350 | D:9      | Killed a deep elf pyromancer
 15351 | D:9      | Noticed a six-headed hydra
 15354 | D:9      | Killed a six-headed hydra
 15860 | D:9      | Noticed Joseph
 15871 | D:9      | Killed Joseph
 16086 | D:9      | Reached **** piety under Ashenzari
 16099 | D:9      | Reached skill level 1 in Short Blades
 16241 | D:9      | Noticed a boulder beetle
 16254 | D:9      | Killed a boulder beetle
 16255 | D:9      | Reached XP level 12. HP: 85/96 MP: 0/0
 16392 | D:9      | Found Nushre's Book Shoppe.
 16502 | D:9      | Reached ***** piety under Ashenzari
 16872 | D:10     | Entered Level 10 of the Dungeon
 16879 | D:10     | Noticed a two-headed ogre
 16884 | D:10     | Killed a two-headed ogre
 17368 | D:10     | Noticed Fannar
 17375 | D:10     | Noticed a two-headed ogre
 17382 | D:10     | Killed Fannar
 17383 | D:10     | Reached skill level 5 in Short Blades
 17386 | D:10     | Killed a two-headed ogre
 17974 | D:10     | Noticed a two-headed ogre
 17977 | D:10     | Found a transporter.
 18029 | D:10     | Noticed Grum
 18037 | D:10     | Killed Grum
 18082 | D:10     | Noticed a five-headed hydra
 18083 | D:10     | Noticed spaghetti's ghost (journeyman OnCK)
 18113 | D:10     | Noticed Sonja
 18115 | D:10     | Killed Sonja
 18198 | D:10     | Found a transporter.
 18344 | D:10     | Found a burning altar of Makhleb.
 18766 | D:11     | Noticed a boulder beetle
 18783 | D:11     | Killed a boulder beetle
 19046 | D:11     | Found Onwik's Jewellery Shop.
 19051 | D:11     | Bought the amulet "Opiyrr" {rC+ rN+ Regen+} for 530 gold
                  | pieces
 19079 | D:11     | Found a staircase to the Orcish Mines.
 19110 | D:11     | Found a roughly hewn altar of Beogh.
 19658 | Lair:1   | Entered Level 1 of the Lair of Beasts
 19744 | Lair:1   | Reached XP level 13. HP: 99/102 MP: 0/0
 19744 | Lair:1   | Learned a level 5 spell: Iskenderun's Battlesphere
 19921 | Lair:1   | Noticed a catoblepas
 19930 | Lair:1   | Killed a catoblepas
 20178 | Lair:1   | Reached skill level 11 in Fighting
 21103 | Lair:2   | Reached skill level 10 in Dodging
 21273 | Lair:2   | Reached skill level 12 in Fighting
 21896 | D:12     | Reached XP level 14. HP: 114/114 MP: 0/0
 22267 | D:12     | Found a portal to a secret trove of treasure.
 22979 | D:13     | Noticed Lodul
 22979 | D:13     | Found a gate to the Vaults.
 22995 | D:12     | Reached skill level 13 in Fighting
 24653 | D:13     | Found a runed translucent door.
 24656 | D:13     | Noticed Diulaw's ghost (journeyman TeSu)
 25165 | D:13     | Found Xodaugya's Distillery.
 25467 | D:13     | Killed Lodul
 26157 | D:14     | Noticed Rupert
 26160 | D:14     | Paralysed by Rupert for 5 turns
 26172 | D:14     | Killed Rupert
 26173 | D:14     | Reached skill level 14 in Fighting
 26430 | D:14     | Noticed Kirke
 27205 | D:14     | Reached XP level 15. HP: 67/124 MP: 0/0
 27205 | D:14     | Learned a level 6 spell: Dispersal
 27276 | D:14     | Killed Kirke
 27285 | D:14     | Found Yntuam's Book Boutique.
 27774 | D:14     | Found an ornate altar of the Wu Jian Council.
 28033 | D:14     | Found the +8 demon blade "Leech" {evervamp, Harm ^Drain
                  | rN+}
 28834 | Lair:3   | Found a staircase to the Snake Pit.
 29480 | Lair:3   | Reached skill level 1 in Shields
 29765 | Lair:3   | Reached skill level 5 in Shields
 30836 | Lair:3   | Found a staircase to the Swamp.
 30851 | Lair:3   | Reached XP level 16. HP: 75/130 MP: 0/0
 31413 | Lair:4   | Found a viscous altar of Jiyva.
 31413 | Lair:4   | Found a staircase to the Slime Pits.
 31488 | Lair:4   | Found a runed translucent gate.
 31488 | Lair:4   | Found a runed translucent gate.
 31490 | Lair:4   | Found a runed translucent gate.
 31494 | Lair:4   | Noticed Palemoclump's ghost (journeyman MiFi)
 31494 | Lair:4   | Noticed avangion's ghost (journeyman DECj)
 31870 | Lair:5   | Entered Level 5 of the Lair of Beasts
 31895 | Lair:5   | Found a frozen archway.
 31939 | IceCv    | Entered an ice cave
 33071 | IceCv    | Identified Sif Muna's Dissertation on Dislocation
 35897 | Lair:5   | Identified the Quarto of Distant Shores
 36441 | Orc:1    | Entered Level 1 of the Orcish Mines
 36721 | Orc:2    | Entered Level 2 of the Orcish Mines
 36721 | Orc:2    | Noticed Urug
 36730 | Orc:2    | Killed Urug
 36829 | Orc:2    | Found a dark tunnel.
 36835 | Volcano  | Entered a volcano
 37180 | Volcano  | Reached XP level 17. HP: 135/138 MP: 0/0
 37180 | Volcano  | Learned a level 6 spell: Permafrost Eruption
 37828 | Orc:2    | Found Zaustrash's General Store.
 37832 | Orc:2    | Found Wudisuan's Antique Armour Boutique.
 37838 | Orc:2    | Found Nued's Antique Weapon Emporium.
 37839 | Orc:2    | Found Poliemi's Antique Armour Emporium.
 38148 | Orc:2    | Found a staircase to the Elven Halls.
 38340 | Elf:1    | Entered Level 1 of the Elven Halls
 38929 | Snake:1  | Entered Level 1 of the Snake Pit
 39422 | Snake:1  | Reached skill level 15 in Spellcasting
 39422 | Snake:1  | Reached skill level 15 in Conjurations
 39422 | Snake:1  | Reached skill level 15 in Hexes
 39422 | Snake:1  | Reached skill level 15 in Summonings
 39422 | Snake:1  | Reached skill level 15 in Necromancy
 39422 | Snake:1  | Reached skill level 15 in Translocations
 39422 | Snake:1  | Reached skill level 15 in Fire Magic
 39422 | Snake:1  | Reached skill level 15 in Ice Magic
 39422 | Snake:1  | Reached skill level 15 in Air Magic
 39422 | Snake:1  | Reached skill level 15 in Earth Magic
 39422 | Snake:1  | Reached skill level 15 in Alchemy
 39423 | Snake:1  | Identified the serpent talisman "Plog" {rElec rN+ Will+
                  | Int-3}
 39423 | Snake:1  | Noticed Aizul
 39426 | Snake:1  | Killed Aizul
 40405 | Snake:2  | Reached XP level 18. HP: 120/145 MP: 0/0
 41462 | Snake:2  | Noticed Donald
 41466 | Snake:2  | Killed Donald
 41677 | Snake:3  | Found a transporter.
 41677 | Snake:3  | Found a transporter.
 41685 | Snake:3  | Found a transporter.
 41689 | Snake:3  | Found a transporter.
 41690 | Snake:3  | Found a transporter.
 41840 | Snake:3  | Found Sear's Armour Shoppe.
 41990 | Snake:3  | Found Wuim's Jewellery Shoppe.
 41990 | Snake:3  | Found Voinul's Antique Armour Emporium.
 42000 | Snake:3  | Found Dualonke's Magic Scroll Emporium.
 42007 | Snake:3  | Bought a scroll of enchant armour for 142 gold pieces
 42049 | Snake:3  | Found Acodul's Self-Published Books.
 42112 | Snake:3  | Reached skill level 15 in Dodging
 42213 | Snake:3  | Found a transporter.
 42215 | Snake:3  | Found a transporter.
 42342 | Snake:3  | Found a transporter.
 42602 | Snake:4  | Entered Level 4 of the Snake Pit
 43280 | Snake:4  | Reached ****** piety under Ashenzari
 43608 | Snake:4  | Found a transporter.
 43608 | Snake:4  | Found Kumil's Antique Weapon Shoppe.
 43610 | Snake:4  | Found a transporter.
 43692 | Snake:4  | Reached XP level 19. HP: 141/154 MP: 0/0
 43692 | Snake:4  | Learned a level 7 spell: Haunt
 44709 | Snake:4  | Reached skill level 10 in Shields
 45062 | Snake:4  | Got a serpentine rune of Zot
 45311 | Swamp:1  | Entered Level 1 of the Swamp
 45379 | Lair:4   | Killed Palemoclump's ghost
 45386 | Lair:4   | Killed avangion's ghost
 46533 | Swamp:2  | Reached skill level 5 in Armour
 47015 | Swamp:3  | Reached skill level 5 in Evocations
 47079 | Swamp:3  | Reached XP level 20. HP: 148/160 MP: 0/0
 47478 | Swamp:4  | Entered Level 4 of the Swamp
 47808 | Swamp:4  | Noticed Nikola
 47814 | Swamp:4  | Killed Nikola
 48008 | Swamp:4  | Got a decaying rune of Zot
 48605 | D:15     | Entered Level 15 of the Dungeon
 49064 | D:15     | Found a staircase to the Depths.
 49473 | D:15     | Found a stormy altar of Qazlal.
 49486 | D:15     | Noticed Roxanne
 49498 | D:15     | Killed Roxanne
 50067 | Elf:1    | Reached skill level 15 in Fighting
 50358 | Elf:1    | Identified the +0 pair of gloves of the Old and Reckless
                  | {rF- Int+4 SInv}
 50493 | Elf:1    | Identified the +1 falchion of the Equinox {freeze, rF+}
 51073 | Elf:2    | Paralysed by an air elemental for 1 turns
 51153 | Elf:2    | Reached XP level 21. HP: 150/168 MP: 0/0
 51153 | Elf:2    | Learned a level 8 spell: Ignition
 51173 | Elf:2    | Found a runed translucent gate.
 51176 | Elf:2    | Found a runed translucent gate.
 51176 | Elf:2    | Found a runed translucent gate.
 51560 | Elf:3    | Entered Level 3 of the Elven Halls
 51622 | Elf:3    | Reached skill level 16 in Fighting
 52052 | Elf:3    | Identified the +1 falchion "Dragonbane" {flame, rElec Will+
                  | Int+3}
 52261 | Elf:3    | Identified a scroll of acquirement
 52275 | Elf:3    | Identified the +9 dagger of Dissatisfaction {spect, Str+6
                  | Int+3}
 52315 | Elf:3    | Identified the staff of Quantum Leap {rN+ Int+3 Necro}
 52559 | Elf:3    | Reached skill level 17 in Fighting
 52588 | Elf:3    | Acquired the ring of Isunah {rElec rPois Will+ Str-3 Dex+6}
 52840 | Elf:3    | Found Weile's Assorted Antiques.
 52848 | Elf:3    | Bought a scroll of teleportation for 99 gold pieces
 52848 | Elf:3    | Bought a scroll of summoning for 313 gold pieces
 52848 | Elf:3    | Bought a scroll of revelation for 247 gold pieces
 53325 | Vaults:1 | Entered Level 1 of the Vaults
 53368 | Vaults:1 | Found Cin Amae's Armour Shoppe.
 53762 | Vaults:1 | Reached XP level 22. HP: 174/178 MP: 0/0
 54198 | Vaults:1 | Reached skill level 18 in Fighting
 54439 | Vaults:1 | Found a runed translucent door.
 54439 | Vaults:1 | Found a shimmering altar of Xom.
 54439 | Vaults:1 | Noticed pazhot's ghost (journeyman MDFi)
 54439 | Vaults:1 | Identified the ring "Guhilia" {rC+ rCorr Int+2}
 55554 | Vaults:2 | Reached skill level 5 in Stealth
 56674 | Vaults:3 | Found a staircase to the Crypt.
 56844 | Vaults:3 | Reached XP level 23. HP: 178/186 MP: 0/0
 56844 | Vaults:3 | Learned a level 8 spell: Disjunction
 56875 | Vaults:3 | Identified the Vellum of Flashy Translocation
 57080 | Vaults:3 | Reached skill level 1 in Long Blades
 58247 | Vaults:3 | Noticed a caustic shrike
 58252 | Vaults:3 | Killed a caustic shrike
 58381 | Vaults:3 | Identified the Codex of Spelunking
 58542 | Vaults:3 | Reached skill level 5 in Long Blades
 58710 | Vaults:3 | Found Zucreb's Magic Scroll Shop.
 58944 | Vaults:3 | Bought 2 scrolls of teleportation for 84 gold pieces
 58944 | Vaults:3 | Bought 2 scrolls of teleportation for 84 gold pieces
 58944 | Vaults:3 | Bought a scroll of teleportation for 42 gold pieces
 58944 | Vaults:3 | Bought a scroll of acquirement for 728 gold pieces
 58944 | Vaults:3 | Acquired a staff of cold
 59332 | Vaults:3 | Identified Vierute's Octavo of Guile
 59668 | Vaults:4 | Identified the amulet of Niuq {Reflect ^Drain +Inv rF++
                  | rCorr SH+5}
 60852 | Depths:1 | Entered Level 1 of the Depths
 60852 | Depths:1 | Noticed Asterion
 60858 | Depths:1 | Killed Asterion
 60861 | Depths:1 | Identified the staff of Doobeuc {^Contam rElec rPois rCorr
                  | Alchemy}
 60962 | Depths:1 | Identified the +4 whip of Guilt {freeze, rC- Str+3}
 61157 | Depths:1 | Found a gateway to Hell.
 61239 | Depths:1 | Reached XP level 24. HP: 174/191 MP: 0/0
 61411 | D:12     | You paid a toll of 19 potions of curing to enter a treasure
                  | trove
 61412 | Trove    | Entered a treasure trove
 61414 | Trove    | Identified the ring "Jojearph" {Fire Str+3 Dex+3}
 61414 | Trove    | Found the brooch of Shielding {Spirit SH+8}
 61415 | Trove    | Identified the ring of the Fresh Lime {rC+ Str+6}
 61415 | Trove    | Identified the ring of Ibuoprao {Will+ rCorr MP+9}
 61415 | Trove    | Identified the amulet "Oriyveuss" {Harm +Inv RegenMP+ Str-5
                  | Dex+4}
 61415 | Trove    | Identified the ring "Uraeweteps" {rF+ rC+ rN+ MP+9}
 61415 | Trove    | Identified the amulet of Moral Flaws {rPois Regen+ Str+4
                  | Slay-6}
 61695 | Slime:1  | Entered Level 1 of the Pits of Slime
 62756 | Depths:2 | Found a one-way gate leading to the halls of Pandemonium.
 63389 | Depths:2 | Found a runed translucent gate.
 63389 | Depths:2 | Found a runed translucent gate.
 63389 | Depths:2 | Found a runed translucent gate.
 63393 | Depths:2 | Noticed Vegox's ghost (adept MiHs)
 63684 | Depths:2 | Reached skill level 10 in Evocations
 65189 | Depths:3 | Found a one-way gate to the infinite horrors of the Abyss.
 65356 | Depths:3 | Reached XP level 25. HP: 180/196 MP: 0/0
 65356 | Depths:3 | Learned a level 8 spell: Infestation
 65573 | Depths:3 | Noticed a dread lich
 65578 | Depths:3 | Killed a dread lich
 65617 | Depths:3 | Identified the +6 great mace "Boutown" {elec, Dex+4}
 65623 | Depths:3 | Noticed a dread lich
 65635 | Depths:3 | Killed a dread lich
 65978 | Depths:3 | Found a faded altar of an unknown god.
 66150 | Depths:4 | Entered Level 4 of the Depths
 66581 | Depths:4 | Reached skill level 19 in Fighting
 66836 | Depths:4 | Found Beotai Nueky's Distillery.
 66844 | Depths:4 | Bought a potion of invisibility for 136 gold pieces
 66844 | Depths:4 | Bought a potion of haste for 170 gold pieces
 66844 | Depths:4 | Bought a potion of might for 68 gold pieces
 66844 | Depths:4 | Bought 2 potions of curing for 102 gold pieces
 66844 | Depths:4 | Bought 2 potions of enlightenment for 170 gold pieces
 66844 | Depths:4 | Bought a potion of curing for 51 gold pieces
 66852 | Depths:4 | Found Oraguc's Distillery.
 66860 | Depths:4 | Bought a potion of curing for 63 gold pieces
 66862 | Depths:4 | Found a one-way gateway to a ziggurat.
 66955 | Depths:4 | Found Cuihaupn's Book Shop.
 67016 | Depths:4 | Found a gate to the Realm of Zot.
 68337 | Slime:1  | Reached skill level 20 in Fighting
 68738 | Slime:2  | Noticed Dissolution
 68744 | Slime:2  | Killed Dissolution
 69200 | Slime:3  | Reached skill level 21 in Fighting
 69221 | Slime:3  | Reached XP level 26. HP: 118/211 MP: 0/0
 70094 | Slime:5  | Entered Level 5 of the Pits of Slime
 70783 | Slime:5  | Reached skill level 22 in Fighting
 70783 | Slime:5  | Noticed the Royal Jelly
 70803 | Slime:5  | Killed the Royal Jelly
 70908 | Slime:5  | Identified the staff of Xefivo {^Drain rC+ rCorr Str-3 Ice
                  | Earth}
 70909 | Slime:5  | Identified Sif Muna's Encyclopedia of Ruinous Guile
 70909 | Slime:5  | Identified the +2 dagger of the Volcano {freeze, Int+3
                  | Dex+2}
 70926 | Slime:5  | Got a slimy rune of Zot
 70956 | Slime:5  | Identified the staff of the Mouth {rF++ rN+ Necro}
 71390 | Slime:5  | Identified the +1 ring mail "Cuodavei" {rN+}
 71390 | Slime:5  | Found the amulet of Elemental Vulnerability {rPois rF--
                  | rC-- AC+8}
 73069 | Crypt:1  | Entered Level 1 of the Crypt
 73714 | Crypt:1  | Found a runed translucent gate.
 73714 | Crypt:1  | Found a runed translucent gate.
 73714 | Crypt:1  | Found a runed translucent gate.
 73715 | Crypt:1  | Noticed Dyigyrgh's ghost (adept GrFi)
 74515 | Crypt:2  | Noticed Bai Suzhen
 74523 | Crypt:2  | Killed Bai Suzhen
 74931 | Crypt:2  | Noticed Xtahua
 74954 | Crypt:2  | Killed Xtahua
 75327 | Crypt:3  | Entered Level 3 of the Crypt
 75345 | Crypt:3  | Reached XP level 27. HP: 134/223 MP: 0/0
 75345 | Crypt:3  | Learned a level 9 spell: Polar Vortex
 75923 | Zot:1    | Entered Level 1 of the Realm of Zot
 76309 | Zot:1    | Reached skill level 23 in Fighting
 80171 | Zot:4    | Reached skill level 24 in Fighting
 80171 | Zot:4    | Reached skill level 15 in Shields
 80760 | Zot:4    | Found Wifeb's CLEARANCE SALE!.
 80958 | Zot:5    | Entered Level 5 of the Realm of Zot
 81839 | Zot:5    | Noticed a dread lich
 81845 | Zot:5    | Killed a dread lich
 81980 | Zot:5    | Noticed a Killer Klown
 81994 | Zot:5    | Killed a Killer Klown
 82094 | Zot:5    | Noticed an ancient lich
 82099 | Zot:5    | Killed an ancient lich
 82265 | Zot:5    | Noticed a Killer Klown
 82268 | Zot:5    | Noticed a Killer Klown
 82282 | Zot:5    | Killed a Killer Klown
 82290 | Zot:5    | Killed a Killer Klown
 82623 | Zot:5    | Noticed an orb of fire
 82629 | Zot:5    | Killed an orb of fire
 82772 | Zot:5    | Noticed a Killer Klown
 82775 | Zot:5    | Killed a Killer Klown
 83409 | Zot:5    | Noticed a Killer Klown
 83416 | Zot:5    | Killed a Killer Klown
 83532 | Zot:5    | Noticed a Killer Klown
 83535 | Zot:5    | Killed a Killer Klown
 83748 | Zot:5    | Noticed a dread lich
 83752 | Zot:5    | Killed a dread lich
 83786 | Zot:5    | Noticed an orb of fire
 83791 | Zot:5    | Gained mutation: You occasionally lose the ability to read
                  | scrolls when taking damage. [an orb of fire]
 83793 | Zot:5    | Killed an orb of fire
 83793 | Zot:5    | Noticed a dread lich
 83807 | Zot:5    | Killed a dread lich
 84037 | Zot:5    | Noticed a Killer Klown
 84047 | Zot:5    | Killed a Killer Klown
 85546 | Zot:5    | Noticed a Killer Klown
 85562 | Zot:5    | Killed a Killer Klown
 85688 | Zot:5    | Got the Orb of Zot
 86181 | D:14     | Noticed a seraph
 86250 | D:10     | Noticed Cimeoth the pandemonium lord
 86294 | D:7      | Noticed Vukebb the pandemonium lord
 86472 | D:$      | Escaped with the Orb!

Illustrated notes

Levels and vault maps discovered:
D:1:      minmay_arrival_wavy_path, layout_basic, dreamdust_wishing_well
D:2:      layout_basic, basic_altar, kennysheep_nondescript, uniq_natasha,
          uniq_jessica
D:3:      layout_loops_ring, lemuel_crystal_altar,
          worldfamousw_hep_ancestral_shrine,
          shapermc_ecumenical_altar_mp_highgroup, kennysheep_boxes
D:4:      minmay_clustersquares, layout_cave_pods,
          minmay_temple_entry_proselytizer, serial_rivers,
          chequers_serial_rivers_room_a, chequers_serial_rivers_micro_c,
          chequers_serial_rivers_small_b, chequers_serial_rivers_small_a,
          chequers_serial_rivers_micro_a
D:5:      nicolae_cairo_tiling_large, layout_cave_pools,
          nicolae_gozag_seed_capital, gup_sewer_entry_pipe,
          ebering_ghost_sewer_d, hangedman_abyss_or_decor_stagger, uniq_grinder
D:6:      layout_rooms
D:7:      minmay_the_grid_octo_tiled_octocenter [minmay_the_grid_octo_shrine,
          minmay_the_grid_octo_chip, minmay_the_grid_octo_fat_diamond,
          minmay_the_grid_octo_checkerflower,
          minmay_the_grid_octo_prize_ultimate_mussel_roller,
          minmay_the_grid_square_5x5_shuriken,
          minmay_the_grid_square_5x5_intrusive_squares,
          minmay_the_grid_square_5x5_eight, minmay_the_grid_square_5x5_dogpile],
          layout_basic, amcnicky_altar_gilded, nrook_mini_vaults,
          minmay_misc_feat_roman
D:8:      layout_basic, david_lair_generic, nicolae_transmutations_shop
D:9:      minmay_distorted_concentric_squares, layout_cave_pods, serial_shops,
          shop, chequers_avenue, uniq_joseph
D:10:     layout_gridville, kennysheep_little_box, nzn_ghost_randoct,
          uniq_sonja, uniq_fannar, uniq_grum
D:11:     layout_rooms, minmay_orc_entry_temple_small, serial_shops, shop,
          serial_glass, glass_columns_a, glass_columns_c,
          minmay_strange_pillars, minmay_strange_pillars, item_on_display_a,
          due_unseen_surprise
D:12:     layout_cave_pools, enter_trove_5
D:13:     layout_roguey, david_vaults_3, hellmonk_ghost_happy_afterlife,
          serial_shops, nicolae_shop_industrial_runoff
D:14:     layout_rooms, nicolae_wu_jian_immortal_techniques, serial_shops,
          nicolae_book_shop_shelving, dreamdust_deal_with_the_devil,
          kennysheep_generic_room_16, uniq_rupert, uniq_kirke
D:15:     grunt_enter_depths_giant_problem, layout_cave_pods,
          nicolae_qazlal_style_of_elements, uniq_roxanne
Temple:   minmay_temple_bridge_d
Lair:1:   layout_gridlike, nicolae_lair_liquid_snakes, infiniplex_staircase_pool
Lair:2:   layout_gridlike, serial_rivers, chequers_serial_rivers_micro_b,
          chequers_serial_rivers_room_a, chequers_serial_rivers_room_a,
          chequers_serial_rivers_large_b
Lair:3:   nzn_winding_woodlands_huge [nzn_winding_woodlands_5x15_twine,
          nzn_winding_woodlands_5x15_pathside_ponds,
          nzn_winding_woodlands_5x15_garden, nzn_winding_woodlands_5x15_eye,
          nzn_winding_woodlands_5x15_parted,
          nzn_winding_woodlands_5x15_lazy_stream,
          nzn_winding_woodlands_5x15_sidewinder,
          nzn_winding_woodlands_5x15_default, nzn_winding_woodlands_5x15_jagged,
          nzn_winding_woodlands_5x15_default,
          nzn_winding_woodlands_center_pierced_h,
          nzn_winding_woodlands_center_garden,
          nzn_winding_woodlands_15x15_five_gardens], layout_misc_corridors,
          nicolae_swamp_entry_spooky, nicolae_snake_entry_warm_welcome,
          kennysheep_rathole
Lair:4:   layout_gridlike, minmay_slime_entry_pillars, gammafunk_ghost_cemetery
Lair:5:   evilmike_catoblepas_cave, layout_loops_ring,
          portal_ice_cave_entry_pillars_1, serial_bayou_shore_a
Swamp:1:  layout_falls_marsh, hangedman_swamp_pad, swamp_pool_1_2,
          infiniplex_staircase_pool_2, nicolae_swamp_tree_isthmus
Swamp:2:  nicolae_swamp_flooded_prison, layout_basic_swamp,
          evilmike_swamp_ruin_house_3
Swamp:3:  layout_basic_swamp, evilmike_swamp_ruin_house_4
Swamp:4:  swamp_alternative, layout_basic_swamp, uniq_nikola
Snake:1:  layout_misc_corridors, nicolae_snake_serpentine_hallways, uniq_aizul
Snake:2:  layout_misc_corridors, uniq_donald
Snake:3:  gammafunk_the_bubble [the_bubble_gammafunk_crates], layout_basic,
          nicolae_custom_books, serial_nicolae_subway,
          nicolae_sub_station_stone, nicolae_sub_station_crystal,
          nicolae_sub_station_metal, minmay_shoptagon
Snake:4:  snake_pit_salamanders_mu, layout_cave_town, serial_shops,
          nicolae_shop_drivethru, drop_trap, chequers_hall_statues_y
Slime:1:  layout_caves
Slime:2:  layout_caves, dissolution_awaits
Slime:3:  layout_caves
Slime:4:  layout_caves
Slime:5:  slime_pit_nicolae_block_by_block
Orc:1:    layout_caves, minmay_shop_mayhem
Orc:2:    st_orc_open, layout_caves, nicolae_volcano_entry_hallway, uniq_urug
Elf:1:    eino_elf_arrival_sip, layout_gridlike, hangedman_elf_disciples
Elf:2:    nicolae_elf_blades_crystal_corner, layout_geoelf_grid, basic_altar,
          uniq_norris
Elf:3:    grunt_elf_hall_spiral, layout_rooms, serial_shops, shop,
          billiards_dpeg
Vaults:1: ebering_ghost_xom, hangedman_vaults_stagger,
          nicolae_vaults_ellipses_ellipsis, nicolae_vaults_sightless_eye,
          v_misc_2, v_misc_29, ontoclasm_vaults_ring_small,
          layout_vaults_chaotic_city, serial_shops, shop
Vaults:2: v_misc_1, nicolae_vaults_off_center_swirl, nicolae_vaults_what_the_h,
          nicolae_vaults_big_ls, vaults_room_pool,
          vaults_standard_mumra_enter_the_diamond, hangedman_vaults_variations,
          v_misc_16, nicolae_vaults_sesquioval_fish,
          nicolae_vaults_specimen_jars, vaults_dpeg_hooks,
          layout_vaults_omnicross
Vaults:3: ontoclasm_vaults_fault, grunt_vaults_swirl,
          minmay_crypt_entry_simple_round, nicolae_vaults_tetromino_L_1,
          nicolae_vaults_diamond_1, v_rooms_1,
          nicolae_vaults_diagonal_hallway_7,
          nicolae_vaults_door_testing_chamber, nicolae_vaults_twisting_passages,
          ontoclasm_vaults_chip, grunt_vaults_hallway_short,
          nicolae_vaults_six-pack, nicolae_vaults_diffraction_hallways,
          vaults_dpeg_encased_lava, v_misc_14, v_misc_17, layout_vaults_omnibox,
          serial_shops, shop, serial_magic_research,
          hangedman_research_probablistics, hangedman_research_geology
Vaults:4: v_rooms_2, hangedman_vaults_stream, nicolae_vaults_house_3,
          nicolae_vaults_storage_closets_2, nicolae_vaults_surprise_closet,
          nicolae_vaults_three_branches, layout_vaults_omnigrid
Crypt:1:  layout_gridlike, ebering_ghost_rock_garden
Crypt:2:  layout_misc_corridors, lemuel_upstairs_altar, uniq_bai_suzhen,
          uniq_margery, uniq_xtahua
Crypt:3:  cryptofortress_bobbens
Depths:1: layout_roguey, lemuel_blue_sif_altar, hell_entry, due_unseen_surprise,
          nicolae_triple_integral, uniq_asterion
Depths:2: thingy_vault, layout_basic, infiniplex_staircase_hallway_doors,
          hell_entry, pan_entry, ebering_ghost_rock_garden, minmay_evil_grid
Depths:3: regret_index_infernal_bastille, layout_basic, pf_hell_entry_tar_river,
          abyss_entry
Depths:4: evilmike_zot_entry_diamond, layout_cave_pools, enter_ziggurat_f,
          serial_shops, nicolae_shop_gibbet_a_chance, shop, shop,
          grunt_hell_horde, abyss_entry_glasseish,
          chequers_serial_rivers_micro_a, roderic_serpentine_path
Zot:1:    regret_index_zot_pan_timeshare, layout_onion_interference
Zot:2:    layout_basic
Zot:3:    layout_gridville
Zot:4:    lemuel_acid_trip, layout_cathedral_of_symmetry, nicolae_shop_clearance
Zot:5:    layout_gridlike, hangedman_zot_decor_tridents

Skill      XL: |  1  2  3  4  5  6  7  8  9 10 11 12 13 14 15 16 17 18 19 20 21 22 23 24 25 26 27 |
---------------+----------------------------------------------------------------------------------+-----
Fighting       | 1 2 3 4 6 8 10 12 14 15 17 18 21 22 24 | 24.3
Spellcasting   | 4 5 6 8 10 13 15 16 17 19 20 21 | 21.5
Conjurations   | 4 5 6 8 10 13 15 16 17 19 20 21 | 21.5
Hexes          | 4 5 6 8 10 13 15 16 17 19 20 21 | 21.5
Summonings     | 4 5 6 8 10 13 15 16 17 19 20 21 | 21.5
Necromancy     | 4 5 6 8 10 13 15 16 17 19 20 21 | 21.5
Translocations | 4 5 6 8 10 13 15 16 17 19 20 21 | 21.5
Fire Magic     | 4 5 6 8 10 13 15 16 17 19 20 21 | 21.5
Ice Magic      | 4 5 6 8 10 13 15 16 17 19 20 21 | 21.5
Air Magic      | 4 5 6 8 10 13 15 16 17 19 20 21 | 21.5
Earth Magic    | 4 5 6 8 10 13 15 16 17 19 20 21 | 21.5
Alchemy        | 4 5 6 8 10 13 15 16 17 19 20 21 | 21.5
Dodging        | 4 7 11 13 14 15 16 17 19 20 22 | 22.6
Evocations     | 4 5 8 13 14 | 14.0
Armour         | 4 6 9 |  9.8
Short Blades   | 2 9 |  9.0
Shields        | 7 9 12 17 | 17.0
Stealth        | 8 |  8.8
Long Blades    | 5 |  5.8

Action                     |  1- 3 |  4- 6 |  7- 9 | 10-12 | 13-15 | 16-18 | 19-21 | 22-24 | 25-27 || total
---------------------------+-------+-------+-------+-------+-------+-------+-------+-------+-------++-------
  Melee: Unarmed           |     1 |       |       |       |       |       |       |       |       ||     1
         Trident           |     2 |     3 |       |       |       |       |       |       |       ||     5
         Dagger            |     2 |       |     1 |     2 |       |       |       |    95 |   105 ||   205
         Rapier            |       |       |       |    20 |   214 |   121 |    39 |    34 |       ||   428
  Throw: Dart              |       |       |       |    17 |     6 |     9 |       |       |       ||    32
   Cast: Foxfire           |    48 |   116 |   284 |   195 |   146 |   138 |       |       |       ||   927
         Scorch            |     4 |     8 |    49 |   174 |   261 |   128 |       |       |       ||   624
         Call Canine Famil |       |       |     2 |     4 |     2 |     1 |       |       |       ||     9
         Volatile Blastmot |       |       |     5 |     4 |     1 |    32 |       |       |       ||    42
         Flame Wave        |       |       |     1 |     5 |     1 |     4 |       |       |     1 ||    12
         Call Imp          |       |       |       |     1 |     1 |       |       |       |       ||     2
         Mephitic Cloud    |       |       |       |     1 |       |       |       |     1 |       ||     2
         Freezing Cloud    |       |       |       |    46 |    93 |    56 |       |       |       ||   195
         Necrotise         |       |       |       |     1 |       |       |       |       |       ||     1
         Inner Flame       |       |       |       |     1 |       |       |       |       |       ||     1
         Iskenderun's Batt |       |       |       |       |    42 |    17 |       |     1 |     1 ||    61
         Dispersal         |       |       |       |       |       |    11 |       |       |       ||    11
         Permafrost Erupti |       |       |       |       |       |   304 |   386 |   452 |   553 ||  1695
         Haunt             |       |       |       |       |       |       |    47 |    80 |    96 ||   223
         Ignition          |       |       |       |       |       |       |    32 |   102 |   271 ||   405
         Infestation       |       |       |       |       |       |       |       |       |    18 ||    18
         Polar Vortex      |       |       |       |       |       |       |       |       |    31 ||    31
 Invoke: Curse Item        |       |       |     4 |     4 |     1 |     4 |     2 |     2 |     1 ||    18
         Shatter the Chain |       |       |       |     2 |     1 |     1 |     4 |     2 |       ||    10
  Evoke: Wand              |       |       |       |     1 |     2 |       |     1 |     1 |       ||     5
         Phantom mirror    |       |       |       |     1 |       |       |       |       |       ||     1
         Lightning rod     |       |       |       |       |     2 |     1 |       |       |     2 ||     5
         Gell's gravitambo |       |       |       |       |       |       |       |       |     1 ||     1
    Use: Scroll            |       |     6 |       |     2 |     2 |     1 |     5 |     2 |    12 ||    30
         Potion            |       |       |       |     2 |       |       |     1 |     1 |    11 ||    15
   Stab: Distracted        |       |       |       |       |     1 |       |     1 |     2 |     8 ||    12
         Sleeping          |       |       |       |       |       |       |       |       |     1 ||     1
 Armour: Robe              |    10 |     2 |    20 |    52 |       |       |       |       |       ||    84
         Troll leather arm |       |       |       |    17 |   261 |   168 |    59 |    73 |   201 ||   779
  Dodge: Dodged            |     5 |     9 |    27 |   130 |   465 |   270 |    80 |   122 |   281 ||  1389
  Block: Other             |     1 |     1 |     5 |       |       |       |       |       |       ||     7
         Buckler           |       |       |       |       |    30 |   115 |     9 |       |       ||   154
         Kite shield       |       |       |       |       |       |       |    84 |   215 |   361 ||   660

Table legend: (Time is in decaauts)
 A = Elapsed time spent in this place.
 B = Non-inter-level travel time spent in this place.
 C = Inter-level travel time spent in this place.
 D = Time resting spent in this place.
 E = Time spent auto-exploring this place.
 F = Levels seen in this place.
 G = Mean time per level.
                   A        B        C        D        E       F      G
               +--------+--------+--------+--------+--------+-----+--------+
         Total |  86388 |  79962 |   6426 |  34977 |  31392 |  59 | 1464.2 |
       Dungeon |  28547 |  25800 |   2747 |  12075 |  10335 |  15 | 1903.1 |
        Temple |     40 |      1 |     39 |      0 |      0 |   1 |   40.0 |
          Lair |   8488 |   7001 |   1487 |   1976 |   3519 |   5 | 1697.6 |
         Swamp |   2631 |   2532 |     99 |    215 |   1841 |   4 |  657.8 |
     Snake Pit |   5840 |   5649 |    191 |   2473 |   2142 |   4 | 1460.0 |
    Slime Pits |   4681 |   4594 |     87 |   1924 |   2009 |   5 |  936.2 |
  Orcish Mines |   1958 |   1664 |    294 |    603 |    752 |   2 |  979.0 |
   Elven Halls |   3199 |   3055 |    144 |    999 |   1463 |   3 | 1066.3 |
        Vaults |   7645 |   7226 |    419 |   2787 |   3313 |   4 | 1911.2 |
         Crypt |   2563 |   2459 |    104 |    872 |   1150 |   3 |  854.3 |
        Depths |   7422 |   6789 |    633 |   2774 |   2848 |   4 | 1855.5 |
           Zot |   9218 |   9040 |    178 |   5315 |   1586 |   5 | 1843.6 |
         Trove |     52 |     52 |      0 |      0 |      0 |   1 |   52.0 |
         Sewer |    871 |    871 |      0 |    525 |    206 |   1 |  871.0 |
      Ice Cave |   2745 |   2745 |      0 |   2138 |    198 |   1 | 2745.0 |
       Volcano |    481 |    481 |      0 |    300 |     30 |   1 |  481.0 |
               +--------+--------+--------+--------+--------+-----+--------+

Top non-repeatable levels by time:
   Zot:5: 4769 daAuts
     D:7: 4004 daAuts
Vaults:3: 3206 daAuts
  Lair:3: 3187 daAuts
    D:13: 3167 daAuts
   IceCv: 2745 daAuts
 Slime:5: 2483 daAuts
     D:8: 2414 daAuts
    D:12: 2346 daAuts
Depths:3: 2334 daAuts
    D:10: 2259 daAuts
Depths:4: 2120 daAuts
 Snake:4: 1932 daAuts
     D:5: 1890 daAuts
Vaults:2: 1792 daAuts
